AoeStats
← Kulishaak

Arabia

509034232Analyzed
1v1 RM · 6d ago on Sep 25, 2026· 66m 41s· 2 players
Game mode
Random Map
Map size
Tiny (2 player)
Population
200
Speed
Normal
Resources
Standard
Victory
Conquest
Starting age
Dark Age
Ending age
Imperial Age
RankedLock teamsTeams togetherTeam positionsShared explorationLock speedFull tech treeHidden civsTurbo modeCheats
Victory
Defeat
🇨🇿 Saxons · Czechia
1131
+16
🇧🇷 Magyars · Brazil
1134
-16
Kulishaak
1:34 Loom
8:56 Feudal Age
9:08 Man-at-Arms
10:26 Double-Bit Axe
16:44 Horse Collar
19:37 Fletching
19:49 Scale Mail Armor
21:42 Padded Archer Armor
25:48 Castle Age
23:41 Arson
25:24 Forging
26:12 Long Swordsman
26:14 Crossbowman
26:51 Bodkin Arrow
26:49 Pikeman
28:59 Wheelbarrow
28:55 Squires
29:04 Gold Mining
30:20 Gambesons
31:41 Stone Mining
32:03 Bow Saw
33:00 Town Watch
34:10 Thumb Ring
37:29 Ballistics
37:26 Leather Archer Armor
40:29 Hand Cart
44:53 Imperial Age
43:47 Gold Shaft Mining
45:12 Chain Mail Armor
45:33 Iron Casting
44:54 Arbalester
46:07 Bracer
47:49 Ring Archer Armor
47:07 Shield Wall
49:24 Plate Mail Armor
48:19 Elite Hearth Troop
49:36 Hoardings
50:15 Conscription
49:31 Elite Varangian Guard
51:11 Halberdier
54:26 Sanctity
55:14 Clerical Recruitment
57:46 Chemistry
56:27 Treadmill Crane
56:58 Masonry
56:16 Capped Ram
57:22 Two-Handed Swordsman
58:10 Siege Engineers
59:39 Siege Ram
62:21 Sappers
66:16 Spies/Treason
Iceman
2:37 Loom
10:15 Feudal Age
11:05 Double-Bit Axe
11:03 Horse Collar
19:59 Bloodlines
25:09 Castle Age
23:21 Gold Mining
23:51 Scale Barding Armor
26:25 Husbandry
27:53 Elite Skirmisher
31:25 Light Cavalry
33:29 Chain Barding Armor
37:16 Wheelbarrow
37:18 Gold Shaft Mining
37:02 Bow Saw
40:10 Hand Cart
41:14 Fletching
41:34 Heavy Plow
43:19 Bodkin Arrow
44:30 Stone Mining
47:52 Imperial Age
46:52 Padded Archer Armor
49:23 Cavalier
54:05 Plate Barding Armor
58:56 Crop Rotation
Connection lost

Rejoining the realm…

Still unreachable

The connection could not be restored.

Session expired

The server has moved on; the page needs a fresh start.